 Dungeon Crawl Stone Soup version 0.24-a0-446-g87df7205b4 (webtiles) character file.

Game seed: 13840371603133462795

6531 Krouwed the Archer (level 10, -1/84 HPs)
             Began as a Centaur Hunter on June 23, 2019.
             Was a Believer of Okawaru.
             Slain by an unseen horror (6 damage)
             ... on level 8 of the Dungeon.
             The game lasted 00:42:08 (11704 turns).

Krouwed the Archer (Centaur Hunter)                Turns: 11704, Time: 00:42:09

Health: -1/84      AC: 13    Str: 16    XL:     10   Next: 69%
Magic:  8/10       EV:  5    Int: 10    God:    Okawaru [**....]
Gold:   396        SH:  0    Dex: 12    Spells: 9/9 levels left

rFire    + . .     SeeInvis .   b - +1 short sword (flame)
rCold    . . .     Gourm    .   (no shield)
rNeg     + . .     Faith    .   F - +0 plate armour
rPois    .         Spirit   .   u - +0 helmet
rElec    .         Reflect  .   (no cloak)
rCorr    .         Harm     .   (no gloves)
MR       .....                  (no barding)
Stlth    ..........             (no amulet)
HPRegen  0.24/turn              y - ring of positive energy
MPRegen  0.12/turn              c - ring of protection from fire (curse)

@: heroism, very slightly contaminated, invisible, very quick
A: large, hooves 3, deformed body, speed 2, tough skin 3
a: Heroism, Renounce Religion


You were on level 8 of the Dungeon.
You worshipped Okawaru.
Okawaru was pleased with you.
You were hungry.

You visited 2 branches of the dungeon, and saw 10 of its levels.

You collected 446 gold pieces.
You spent 50 gold pieces at shops.

Inventory:

Hand Weapons
 a - a +1 shortbow
 b - a +1 short sword of flaming (weapon)
 r - a +0 great sword
Missiles
 d - 180 arrows
 e - 77 poisoned darts
 t - 5 curare-tipped darts (quivered)
Armour
 u - a +0 helmet (worn)
 F - a +0 plate armour (worn)
Jewellery
 c - a cursed ring of protection from fire (right hand)
 j - an uncursed ring of wizardry
 x - an uncursed ring of protection from fire
 y - a ring of positive energy (left hand)
 z - an uncursed ring of magical power
 A - an uncursed ring of fire
Wands
 C - a wand of random effects (13)
 E - a wand of digging (7)
Scrolls
 h - 7 scrolls of teleportation
 k - 3 scrolls of blinking
 m - a scroll of amnesia
 o - 2 scrolls of identify
 q - a scroll of immolation
 s - a scroll of fear {unknown}
 v - 6 scrolls of remove curse
 w - 3 scrolls of enchant armour
 B - a scroll of random uselessness {unknown}
Potions
 g - 2 potions of brilliance
 i - 2 potions of lignification {unknown}
 l - 2 potions of mutation
 p - 2 potions of ambrosia
 D - a potion of degeneration {unknown}
Comestibles
 f - 8 rations
 G - 2 chunks of flesh


   Skills:
 + Level 6.9(11.9) Fighting
 - Level 5.3(10.5) Short Blades
 + Level 2.0(8.9) Long Blades
 + Level 10.2(15.2) Bows
 + Level 5.0(10.0) Armour
 - Level 1.3(6.3) Dodging
 * Level 6.6(11.6) Stealth


You had 9 spell levels left.
You didn't know any spells.
Your spell library contained the following spells:

 Spells                   Type           Power        Failure   Level  Hunger
 Magic Dart               Conj           #...         100%        1    ##.....
 Searing Ray              Conj           #.....       100%        2    ###....
 Dazzling Spray           Conj/Hex       #.....       100%        3    ####...
 Force Lance              Conj/Tloc      #.......     100%        4    #####..
 Fulminant Prism          Conj/Hex       #.........   100%        4    #####..
 Iskenderun's Mystic Bla  Conj           #.......     100%        4    #####..


Dungeon Overview and Level Annotations

Branches:
Dungeon (9/15)             Temple (1/1) D:7            Lair (0/6) D:8
    Orc: D:9-12

Altars:
Ashenzari
Cheibriados
Dithmenos
Elyvilon
Fedhas
Gozag
Hepliaklqana
Kikubaaqudgha
Makhleb
Nemelex Xobeh
Okawaru
Qazlal
Ru
Sif Muna
Trog
Uskayaw
Vehumet
Wu Jian
Xom
Yredelemnul
Zin
The Shining One

Shops:
D:4 =   D:6 ?

Annotations:
D:6 2 runed translucent doors, bezhaha's ghost, novice FoAK


Innate Abilities, Weirdness & Mutations

You have hooves in place of feet.
Armour fits poorly on your strangely shaped body.
You cover ground very quickly.
You have extremely tough skin. (AC +3)


Message History

* * * LOW HITPOINT WARNING * * *
You barely miss something. Your kick misses something.
Something hits you but does no damage. x2
You miss something. Your kick misses something.
Something hits you but does no damage.
You gain the combat prowess of a mighty hero.
Something hits you.
* * * LOW HITPOINT WARNING * * *
Something hits you but does no damage.
You barely miss something. Your kick misses something.
Your punch misses something. Something hits you.
* * * LOW HITPOINT WARNING * * *
Okay, then.
Blink to where?
Press: ? - help, Dir - move target cursor
As you read the scroll of blinking, it crumbles to dust.
There is an open door here.
Something hits you but does no damage. Something hits you.
You die...

###.....#...####.....#..#....#...
#.....#......#.....#..#....#...
#.....#......#.....########....
#.....#......#.....# #.###
#.....#......'.....# #....
#.....#......#.....# #....
###.....##....##.....# #....
#..##....########'#### #....
#...#....#......@....# #....
#...#....#...........# #....
#..(#....#...........# #....
#...#)...#......)....# #....
#...#....#...........# #....
#####....############# #....
#..)...............# ##...
#..................# #...
#..................# #...


There were no monsters in sight!

Vanquished Creatures
  A two-headed ogre (D:7)
  Pikel (D:7)
  Joseph (D:7)
  A hornet (D:8)
  Grinder (D:5)
  Prince Ribbit (D:7)
  A spriggan (D:7)
  Sigmund (D:5)
  5 yaks
  A basilisk (D:8)
  3 hungry ghosts
  Edmund (D:5)
  4 porcupines
  2 ice beasts
  An orc warrior (D:8)
  2 ogres
  5 centaurs
  2 crocodiles
  A big kobold (D:8)
  2 bullfrogs
  A scorpion (D:7)
  4 wights (D:5)
  A crimson imp (D:8)
  A howler monkey (D:6)
  2 bullfrog zombies
  7 hounds
  4 jellies
  2 centaur skeletons
  2 orc priests
  8 orc wizards
  An iguana (D:7)
  2 worker ants
  3 hound skeletons
  3 worker ant zombies
  12 gnolls
  8 adders
  An ooze (D:3)
  3 worms
  A dart slug (D:1)
  8 leopard geckos
  23 orcs
  4 giant cockroaches
  7 goblins
  5 hobgoblins
  2 jackals (D:1)
  2 quokkas
  3 ball pythons
  A ball python zombie (D:5)
  4 bats
  3 frilled lizards
  15 kobolds
  A leopard gecko skeleton (D:6)
  11 rats
192 creatures vanquished.

Vanquished Creatures (others)
  2 slaves (D:7)
  An orc priest (D:7)
  2 orc wizards (D:7)
  A gnoll (D:7)
  A shadow imp (D:7)
  3 orcs (D:7)
  A ball python (D:7)
  A fungus (D:8)
  2 plants (D:7)
14 creatures vanquished.

Grand Total: 206 creatures vanquished

Notes
Turn   | Place    | Note
-------+----------+-------------------------------------------
     0 | D:1      | Krouwed the Centaur Hunter began the quest for the Orb.
     0 | D:1      | Reached XP level 1. HP: 17/17 MP: 1/1
    34 | D:1      | Reached XP level 2. HP: 14/24 MP: 2/2
   159 | D:1      | Reached skill level 1 in Stealth
   168 | D:1      | Reached XP level 3. HP: 27/30 MP: 3/3
   530 | D:2      | Found a glowing silver altar of Zin.
   607 | D:2      | Reached skill level 1 in Armour
   643 | D:2      | Found a deep blue altar of Sif Muna.
   723 | D:2      | Reached XP level 4. HP: 37/37 MP: 4/4
   762 | D:2      | Reached skill level 1 in Short Blades
   820 | D:2      | Found a sacrificial altar of Ru.
   921 | D:2      | Found a shadowy altar of Dithmenos.
  1383 | D:3      | Reached skill level 6 in Bows
  1443 | D:3      | Reached XP level 5. HP: 44/44 MP: 5/5
  1702 | D:3      | Found a hazy altar of Hepliaklqana.
  2477 | D:4      | Reached XP level 6. HP: 42/51 MP: 6/6
  2525 | D:4      | Found Wiowu's Jewellery Shoppe.
  3692 | D:5      | Entered Level 5 of the Dungeon
  3735 | D:5      | Noticed Sigmund
  3778 | D:5      | HP: 3/76 [Sigmund/+0 scythe (7)]
  3779 | D:5      | Killed Sigmund
  3779 | D:5      | Reached XP level 7. HP: 3/58 MP: 7/7
  4211 | D:5      | Reached skill level 7 in Bows
  4666 | D:5      | Reached XP level 8. HP: 56/66 MP: 8/8
  4824 | D:5      | Noticed Edmund
  4876 | D:5      | Killed Edmund
  5049 | D:5      | Noticed Grinder
  5065 | D:5      | Paralysed by Grinder for 2 turns
  5074 | D:5      | Paralysed by Grinder for 5 turns
  5083 | D:5      | Killed Grinder
  5314 | D:6      | Found Roidiel's Magic Scroll Shoppe.
  5330 | D:6      | Reached skill level 8 in Bows
  5334 | D:6      | Bought a scroll of remove curse for 30 gold pieces
  5334 | D:6      | Bought a scroll of identify for 20 gold pieces
  5405 | D:6      | Reached skill level 5 in Fighting
  5634 | D:6      | Found a large runed translucent door.
  5634 | D:6      | Found a large runed translucent door.
  5636 | D:6      | Noticed bezhaha's ghost (novice FoAK)
  5735 | D:6      | Found a shimmering altar of Xom.
  6043 | D:6      | Found a snail-covered altar of Cheibriados.
  6049 | D:6      | Found a sparkling altar of Nemelex Xobeh.
  6146 | D:7      | Reached XP level 9. HP: 52/74 MP: 9/9
  6236 | D:7      | Found a blossoming altar of Fedhas.
  6472 | D:7      | Found a staircase to the Ecumenical Temple.
  6486 | D:7      | Noticed Pikel
  6488 | Temple   | Entered the Ecumenical Temple
  6521 | Temple   | Became a worshipper of Warmaster Okawaru
  6649 | D:7      | Killed Pikel
  6649 | D:7      | Reached skill level 5 in Stealth
  6911 | D:7      | Reached skill level 9 in Bows
  6945 | D:7      | Reached * piety under Okawaru
  7251 | D:7      | Noticed Joseph
  7269 | D:7      | HP: 1/75 [Joseph/sling bullet (14)]
  7291 | D:7      | Killed Joseph
  7820 | D:7      | Noticed Prince Ribbit
  7853 | D:7      | Killed Prince Ribbit
  8310 | D:8      | Noticed a two-headed ogre
  8369 | D:7      | Killed a two-headed ogre
  8369 | D:7      | Reached ** piety under Okawaru
  8369 | D:7      | Reached skill level 5 in Short Blades
  8369 | D:7      | Reached XP level 10. HP: 53/83 MP: 10/10
  8537 | D:8      | Paralysed by a hornet for 2 turns
 10615 | D:8      | Reached skill level 1 in Long Blades
 10627 | D:8      | Reached skill level 10 in Bows
 11313 | D:8      | Found a staircase to the Lair.
 11584 | D:8      | Reached skill level 5 in Armour
 11704 | D:8      | Slain by an unseen horror

Levels and vault maps discovered:
D:1:      wander_arrival_lonely_grave, layout_rooms
D:2:      layout_loops_ring, nicolae_dithmenos_through_a_glass_darkly,
          nicolae_ru_awakened_eye, lemuel_crystal_altar,
          lemuel_coloured_pillars_altar, minmay_tromino_i4
D:3:      minmay_inner_zag, layout_loops_ring, lemuel_crystal_altar,
          chequers_serial_rivers_large_b, corexii_leaking_fountain
D:4:      minmay_door_path, layout_gridville, serial_shops, shop, first_ration
D:5:      layout_basic, serial_bayou_crossing, uniq_sigmund, uniq_edmund,
          uniq_grinder
D:6:      lemuel_upstairs_altar, layout_rooms, gammafunk_temple_overflow_pools,
          serial_shops, nicolae_shop_trees, ebering_ghost_disaster_area,
          basic_altar
D:7:      layout_cave_pods, minmay_temple_entry_mist, serial_bayou,
          serial_bayou_pond_e, serial_bayou_pond_c, serial_bayou_pond_c,
          serial_bayou_shore_b, hangedman_abyss_or_decor_stagger, the_bakery,
          fedhas_altar_3, uniq_joseph, uniq_pikel, uniq_prince_ribbit1
D:8:      layout_gridville, minmay_lair_entry_grove
D:9:      minmay_tri_box, layout_long_grid, erik_orc_1, uniq_erolcha
Temple:   regret_index_temple_waves

Skill      XL: |  1  2  3  4  5  6  7  8  9 10 |
---------------+-------------------------------+-----
Stealth        | 1 2 3 4 5 6 |  6.6
Armour         | 1 2 3 4 5 |  5.0
Short Blades   | 1 2 3 4 5 |  5.3
Bows           | 6 7 8 9 10 | 10.2
Fighting       | 3 4 5 6 |  6.9
Long Blades    | 2 |  2.0
Dodging        | |  1.3

Action                   |  1- 3 |  4- 6 |  7- 9 | 10-12 || total
-------------------------+-------+-------+-------+-------++-------
Melee: Short sword       |    22 |    50 |     3 |    44 ||   119
       Kick              |     2 |    10 |       |     9 ||    21
 Fire: Shortbow          |    79 |   229 |   430 |   246 ||   984
Throw: Dart              |       |       |     3 |     6 ||     9
Invok: Heroism           |       |       |     1 |    12 ||    13
  Use: Scroll            |     7 |     2 |     5 |     3 ||    17
       Potion            |       |     1 |     2 |     2 ||     5
  Eat: Chunk             |       |     2 |     6 |     7 ||    15
       Ration            |       |     1 |     4 |     4 ||     9
Armor: Leather armour    |    10 |    16 |       |       ||    26
       Chain mail        |       |    67 |    70 |    42 ||   179
       Plate armour      |       |       |       |    52 ||    52
Dodge: Dodged            |    21 |    40 |    32 |    22 ||   115

Table legend:
 A = Non-vault XP
 B = Vault XP
 C = Vault XP percentage of total XP
 D = Non-vault monster count
 E = Vault monster count
 F = Vault count percentage of total count
                 A         B        C        D         E       F
            +---------+---------+-------+---------+---------+-------
      Total |    5263 |    4068 |  43.6 |     165 |      27 |  14.1
            +---------+---------+-------+---------+---------+-------
        D:1 |      73 |       0 |   0.0 |      31 |       0 |   0.0
        D:2 |      92 |       3 |   3.2 |      14 |       3 |  17.6
        D:3 |     171 |      19 |  10.0 |      21 |       4 |  16.0
        D:4 |     293 |      14 |   4.6 |      15 |       1 |   6.2
        D:5 |     691 |     654 |  48.6 |      14 |       3 |  17.6
        D:6 |     768 |       0 |   0.0 |      18 |       0 |   0.0
        D:7 |    1580 |    2061 |  56.6 |      20 |       8 |  28.6
        D:8 |    1595 |    1317 |  45.2 |      32 |       8 |  20.0
            +---------+---------+-------+---------+---------+-------
